 Dungeon Crawl Stone Soup version 0.18.1-48-g4cf74bf (webtiles) character file.

94 OtbRedBaron the Bolt Thrower (level 4, -2/33 HPs)
             Began as a Human Hunter on July 23, 2016.
             Slain by a worm (15 damage)
             ... on level 3 of the Dungeon.
             The game lasted 00:32:40 (2142 turns).

OtbRedBaron the Bolt Thrower (Human Hunter)         Turns: 2142, Time: 00:32:41

Health: -2/33      AC:  5    Str: 13    XL:     4   Next: 94%
Magic:  4/4        EV: 11    Int: 11    God:
Gold:   158        SH:  0    Dex: 14    Spells: 0 memorised, 3 levels left

rFire  + . .     SeeInvis .     g - +2 dagger (venom)
rCold  x . .     Gourm    .     r - +0 ring mail
rNeg   . . .     Faith    .     (no shield)
rPois  .         Spirit   .     (no helmet)
rElec  .         Dismiss  .     (no cloak)
rCorr  .         Reflect  .     (no gloves)
SustAt .         Harm     .     (no boots)
MR     .....                    (no amulet)
Stlth  +.........               (no ring)
                                j - ring of fire

@: not resistant to hostile enchantments, very unstealthy
A: no striking features
a: no special abilities


You were on level 3 of the Dungeon.
You were not hungry.

You visited 1 branch of the dungeon, and saw 3 of its levels.

You collected 158 gold pieces.

Inventory:

Hand Weapons
 a - a +1 hand crossbow
 g - a +2 dagger of venom (weapon)
Missiles
 d - 5 bolts
 i - 14 arrows
Armour
 c - a +0 leather armour
 r - a +0 ring mail (worn)
Jewellery
 j - a ring of fire (left hand)
Scrolls
 e - 2 scrolls of teleportation
 h - 2 scrolls of remove curse {unknown}
 m - 2 scrolls of amnesia
 o - a scroll of immolation {unknown}
Potions
 k - a potion of curing {unknown}
 n - 2 potions of mutation
 p - a potion of magic
 s - a potion of berserk rage
 u - a potion of cancellation {unknown}
Comestibles
 f - a bread ration
 l - a slice of pizza
 q - a beef jerky


   Skills:
 + Level 2.2 Fighting
 + Level 0.2 Short Blades
 + Level 5.3 Crossbows
 + Level 1.0 Armour
 + Level 2.4 Dodging
 + Level 1.0 Stealth


You had 3 spell levels left.
You didn't know any spells.

Dungeon Overview and Level Annotations

Branches:
Dungeon (3/15)

Altars:
Gozag
Trog

Shops:
D:2 *


Message History

You see here a rat corpse.
You barely miss the worm. The worm barely misses you.
You hit the worm.
The worm is poisoned.
The worm is lightly wounded.
The worm bites you.
You hit the worm.
The worm looks even sicker.
The worm is moderately wounded.
You hit the worm.
The worm is heavily wounded.
The worm barely misses you.
You barely miss the worm.
The worm is severely wounded.
The worm barely misses you.
You hit the worm.
The worm is severely wounded.
The worm barely misses you.
You hit the worm.
The worm is almost dead.
The worm bites you!
You die...

#.....####.#.##....#
#.....##...#.......####
######.##...####...###..
###....####.........).(...
##)......###...##########..
#.........##...# #.#
#)...#....##...# #.#
....###...##...# #.#
)._.#y#..w@....# #.#
....###...##...# #.#
#....#....##...# #.#
#.........##...# #..
##.......###...# ###
###....## ##### ######


You could see a moth of wrath and a worm (berserk).

Vanquished Creatures
  3 oozes
  4 worms
  2 dart slugs
  2 giant geckos (D:2)
  An orc (D:3)
  3 giant cockroaches
  5 goblins
  3 hobgoblins
  8 jackals
  8 kobolds
  2 quokkas
  3 ball pythons
  5 bats
  3 giant newts
  6 rats
58 creatures vanquished.

Vanquished Creatures (others)
  A worm (D:2)
1 creature vanquished.

Grand Total: 59 creatures vanquished

Notes
Turn   | Place    | Note
--------------------------------------------------------------
     0 | D:1      | OtbRedBaron the Human Hunter began the quest for the Orb.
     0 | D:1      | Reached XP level 1. HP: 16/16 MP: 1/1
    62 | D:1      | Reached XP level 2. HP: 22/22 MP: 2/2
   292 | D:1      | Reached XP level 3. HP: 27/27 MP: 3/3
  1057 | D:2      | Reached skill level 5 in Crossbows
  1064 | D:2      | Reached XP level 4. HP: 30/33 MP: 4/4
  1185 | D:2      | Found Gozag's Platinum Reserve.
  1193 | D:2      | Found an opulent altar of Gozag.
  1792 | D:3      | Reached skill level 1 in Armour
  2017 | D:3      | Noticed a moth of wrath
  2020 | D:3      | Found a bloodstained altar of Trog.
  2142 | D:3      | Slain by a worm

Skill      XL: |  1  2  3  4 |
---------------+-------------+-----
Crossbows      | 5 |  5.3
Armour         | 1 |  1.0
Fighting       | |  2.2
Short Blades   | |  0.2
Dodging        | |  2.4
Stealth        | |  1.0

Action                   |  1- 3 |  4- 6 || total
-------------------------+-------+-------++-------
Melee: Dagger            |       |    78 ||    78
       Spear             |       |     7 ||     7
 Fire: Hand crossbow     |    86 |    16 ||   102
  Use: Scroll            |       |     5 ||     5
  Eat: Bread ration      |       |     1 ||     1
       Royal jelly       |       |     1 ||     1
Armor: Leather armour    |    12 |     9 ||    21
       Ring mail         |       |     4 ||     4
Dodge: Dodged            |    42 |    68 ||   110
